 Seeded DCSS version 0.30-a0-715-gdb4ae3ece1 (webtiles) character file.

Game seed: 9157350611220580577 (custom seed)

16730 mampy3000 the Severer (level 12, -1/110 HPs)
             Began as a Minotaur Berserker on Jan 24, 2023.
             Was an Elder of Trog.
             Slain by a tengu warrior
             ... wielding a +0 halberd
              (4 damage)
             ... on level 12 of the Dungeon.
             The game lasted 00:33:46 (11491 turns).

mampy3000 the Severer (Minotaur Berserker)         Turns: 11491, Time: 00:33:47

Health: -1/110     AC: 18    Str: 33    XL:     12   Next: 12%
Magic:  11/11      EV: 12    Int:  4    God:    Trog [****..]
Gold:   787        SH:  0    Dex: 16    Spells: 11/11 levels left

rFire   . . .      SeeInvis .    Y - +2 battleaxe (elec)
rCold   . . .      Faith    .    (shield currently unavailable)
rNeg    . . .      Spirit   .    m - +0 plate armour
rPois   .          Reflect  .    (helmet restricted)
rElec   .          Harm     .    T - +0 cloak
rCorr   .          Rampage  .    W - +0 pair of gloves
Will    ++...                    l - +0 pair of boots Stlth
                                 (no amulet)
HPRegen 1.38/turn                c - +6 ring of strength
MPRegen 0.12/turn                t - +6 ring of strength

@: mighty, strong-willed, on berserk cooldown, regenerating, slowed, very slow
A: horns 2, retaliatory headbutt
a: Renounce Religion, Berserk, Trog's Hand, Brothers in Arms


You were on level 12 of the Dungeon.
You worshipped Trog.
Trog was greatly pleased with you.
You visited 1 branch of the dungeon, and saw 12 of its levels.
You also visited: Ossuary.

You collected 857 gold pieces.
You spent 70 gold pieces at shops.

Inventory:

Hand Weapons
 h - a +0 vampiric war axe
 Y - a +2 battleaxe of electrocution (weapon)
Missiles
 k - 4 throwing nets
 K - 6 javelins
 O - 4 boomerangs
Armour
 l - a +0 pair of boots (worn)
 m - a +0 plate armour (worn)
 L - an orb of wrath
 T - a +0 cloak (worn)
 W - a +0 pair of gloves (worn)
Jewellery
 c - a +6 ring of strength (left hand)
 t - a +6 ring of strength (right hand)
 w - a ring of positive energy
 y - a +6 ring of strength
 I - a ring of positive energy
 U - a ring of willpower
Wands
 d - a wand of iceblast (4) (quivered)
 u - a wand of charming (24)
 F - a wand of polymorph (19)
 M - a wand of mindburst (11)
Scrolls
 e - 4 scrolls of immolation
 f - a scroll of silence
 g - a scroll of enchant armour
 i - 17 scrolls of teleportation
 q - a scroll of summoning
 r - a scroll of vulnerability
 s - 3 scrolls of amnesia
 v - a scroll of poison
 C - 5 scrolls of fear
 D - 3 scrolls of blinking
 E - 3 scrolls of magic mapping
 J - a scroll of fog
 Q - a scroll of identify
Potions
 a - a potion of attraction {unknown}
 b - 2 potions of flight {unknown}
 j - 5 potions of might
 n - a potion of magic {unknown}
 o - 2 potions of ambrosia {unknown}
 p - 5 potions of curing
 x - a potion of lignification {unknown}
 z - a potion of heal wounds
 A - 2 potions of cancellation {unknown}
 B - 2 potions of brilliance {unknown}
 G - 16 potions of degeneration
 H - 2 potions of invisibility {unknown}
 N - a potion of haste {unknown}
 P - a potion of mutation {unknown}
 X - a potion of berserk rage {unknown}


   Skills:
 + Level 11.4 Fighting
 + Level 15.9 Axes
 + Level 9.0 Armour
 + Level 8.1 Dodging
 + Level 5.7 Stealth
 + Level 0.2 Evocations


You had 11 spell levels left.
You didn't know any spells.
Your spell library was empty.

Dungeon Overview and Level Annotations

Branches:
Dungeon (12/15)            Temple (0/1) D:6            Lair (0/5) D:8
    Orc (0/2) D:11        Ossuary (visited)

Altars:
Elyvilon
Fedhas
Nemelex Xobeh
Okawaru

Shops:
D:8 :**:   D:11 !

Portals:
Abyss: D:3

Annotations:
D:3 2 transporters, zinnoa's ghost, amateur DjFE
D:10 exclusions: ice statue and 2 statues
D:12 Edeudim Zabb's ghost, journeyman FoFi


Innate Abilities, Weirdness & Mutations

You have a pair of horns on your head.
You reflexively headbutt those who attack you in melee.


Message History

Your headbutt misses Edeudim Zabb's ghost.
Edeudim Zabb's ghost is lightly damaged.
The orc warrior hits you but does no damage.
The tengu warrior hits you but does no damage.
Edeudim Zabb's ghost misses you.
You hit Edeudim Zabb's ghost but do no damage.
Your headbutt misses Edeudim Zabb's ghost.
Edeudim Zabb's ghost is lightly damaged.
The orc warrior completely misses you.
The tengu warrior hits you from afar with a +0 halberd!
Edeudim Zabb's ghost misses you.
You slice Edeudim Zabb's ghost!! You headbutt Edeudim Zabb's ghost!
Edeudim Zabb's ghost is heavily damaged.
The orc warrior hits you but does no damage.
Edeudim Zabb's ghost hits you but does no damage.
The tengu warrior hits you but does no damage.
The tengu warrior barely misses you.
The orc warrior hits you from afar with a +0 halberd.
Edeudim Zabb's ghost hits you.
* * * LOW HITPOINT WARNING * * *
You hit Edeudim Zabb's ghost but do no damage.
Your headbutt misses Edeudim Zabb's ghost.
Edeudim Zabb's ghost is heavily damaged.
The orc warrior hits you from afar with a +0 halberd!
* * * LOW HITPOINT WARNING * * *
The tengu warrior barely misses you. Edeudim Zabb's ghost hits you!
* * * LOW HITPOINT WARNING * * *
You slash Edeudim Zabb's ghost!
Lightning courses through Edeudim Zabb's ghost!
Edeudim Zabb's ghost is almost destroyed.
The orc warrior hits you but does no damage.
The tengu warrior hits you but does no damage.
Edeudim Zabb's ghost wails.
Edeudim Zabb's ghost hits you but does no damage.
You closely miss Edeudim Zabb's ghost. You headbutt Edeudim Zabb's ghost.
Edeudim Zabb's ghost is almost destroyed.
The orc warrior hits you from afar with a +0 halberd.
* * * LOW HITPOINT WARNING * * *
The tengu warrior hits you from afar with a +0 halberd.
You die...

##### #...### #####
#.#...# #...#
####.#...####...#####
#....#...............
#.#######............
#....#............###
####.#..#####...###
#@#..# #...# #W.o.#
##.## ##.Q.#### #.#
#......##########
#.#.#.....#......
#.#.......#.#.#..
#).(.....Q#.8.8..
####.#...W)....)#
#.#...o)....)_


You could see a tengu warrior, an orc warrior and Edeudim Zabb's ghost.

Vanquished Creatures
  A centaur warrior (D:12)
  The ghost of Thecursedkatanna the Fighter, a novice MiBe of Trog (D:9)
  A boulder beetle (D:11)
  2 two-headed ogres
  3 death yaks (D:8)
  A naga warrior (D:12)
  3 orc knights (D:12)
  A gargoyle (D:12)
  An unseen horror (D:10)
  4 trolls
  2 hornets
  3 wyverns
  4 wraiths
  8 yaks
  2 vampires
  A basilisk (D:9)
  2 steam dragons
  Edmund (D:6)
  2 water moccasins
  6 orc warriors
  3 ice beasts
  A swamp drake (D:11)
  3 ogres
  5 centaurs
  A kobold brigand (D:9)
  A phantom (D:6)
  2 elf zombies (D:5)
  3 bullfrogs
  A gnoll sergeant (D:10)
  3 scorpions
  A necrophage (D:4)
  3 elf skeletons (D:5)
  18 wights
  10 killer bees
  9 howler monkeys
  2 electric eels (D:10)
  5 hounds
  5 orc priests
  2 iguanas
  Ijyb (D:4)
  4 orc wizards
  8 gnolls
  8 adders
  A shadow imp (D:6)
  3 white imps
  3 adder zombies (Ossuary)
  A worm (D:5)
  28 orcs
  4 bats
  8 endoplasms
  6 giant cockroaches
  8 hobgoblins
  6 jackals
  11 kobolds
  3 quokkas
  7 ball pythons
  A ball python skeleton (Ossuary)
  7 goblins
  A hobgoblin skeleton (Ossuary)
  A hobgoblin zombie (Ossuary)
  2 kobold zombies (Ossuary)
  2 orc skeletons
  An orc zombie (Ossuary)
  3 rats
255 creatures vanquished.

Vanquished Creatures (collateral kills)
  An ice beast (D:7)
  A wight (D:7)
2 creatures vanquished.

Vanquished Creatures (others)
  4 fungi (D:1)
  2 toadstools (D:1)
6 creatures vanquished.

Grand Total: 263 creatures vanquished

Notes
Turn   | Place    | Note
-------+----------+-------------------------------------------
     0 | D:1      | mampy3000 the Minotaur Berserker began the quest for the
                  | Orb.
     0 | D:1      | Reached XP level 1. HP: 19/19 MP: 0/0
   248 | D:1      | Reached XP level 2. HP: 26/27 MP: 1/1
   465 | D:1      | Reached skill level 4 in Axes
  1081 | D:2      | Reached XP level 3. HP: 33/33 MP: 2/2
  1108 | D:2      | Reached ** piety under Trog
  1844 | D:3      | Found a transporter.
  1865 | D:3      | Found a transporter.
  1900 | D:3      | Noticed zinnoa's ghost (amateur DjFE)
  1905 | D:3      | Found a one-way gate to the infinite horrors of the Abyss.
  1907 | D:3      | Reached XP level 4. HP: 40/40 MP: 3/3
  2190 | D:3      | You fall into a shaft and drop 3 floors!
  2190 | D:6      | Found a staircase to the Ecumenical Temple.
  2193 | D:6      | Noticed a phantom
  2201 | D:6      | Killed a phantom
  2202 | D:6      | Reached skill level 5 in Axes
  2202 | D:6      | Reached XP level 5. HP: 47/47 MP: 4/4
  2376 | D:6      | Noticed a steam dragon
  2381 | D:6      | Killed a steam dragon
  2382 | D:6      | Reached skill level 6 in Axes
  2382 | D:6      | Reached XP level 6. HP: 55/55 MP: 5/5
  2492 | D:6      | Reached skill level 5 in Fighting
  2626 | D:6      | Noticed Edmund
  2637 | D:6      | Killed Edmund
  2638 | D:6      | Reached skill level 7 in Axes
  2638 | D:6      | Reached skill level 5 in Armour
  2638 | D:6      | Reached XP level 7. HP: 61/61 MP: 6/6
  2711 | D:6      | Reached skill level 1 in Stealth
  3048 | D:5      | Entered Level 5 of the Dungeon
  3103 | D:5      | Reached *** piety under Trog
  3108 | D:5      | Reached skill level 8 in Axes
  3289 | D:5      | Found a sand-covered staircase.
  3341 | D:5      | Reached XP level 8. HP: 53/70 MP: 7/7
  3458 | Ossuary  | Entered an ossuary
  3556 | Ossuary  | Noticed a flying skull
  3563 | Ossuary  | Noticed a flying skull
  3589 | Ossuary  | Noticed a flying skull
  3720 | Ossuary  | Reached skill level 9 in Axes
  4490 | D:5      | Reached skill level 10 in Axes
  4790 | D:4      | Reached XP level 9. HP: 67/79 MP: 8/8
  5055 | D:4      | Noticed Ijyb
  5068 | D:4      | Killed Ijyb
  5110 | D:4      | Reached **** piety under Trog
  5439 | D:7      | Found a blossoming altar of Fedhas.
  5450 | D:7      | Reached skill level 5 in Dodging
  5639 | D:7      | Found an iron altar of Okawaru.
  5773 | D:7      | Reached skill level 11 in Axes
  6657 | D:7      | Reached XP level 10. HP: 82/89 MP: 9/9
  6725 | D:7      | Reached skill level 5 in Stealth
  6921 | D:8      | Noticed a death yak
  6923 | D:8      | Found a staircase to the Lair.
  6924 | D:8      | Noticed a death yak
  6927 | D:8      | Noticed a death yak
  6928 | D:8      | Killed a death yak
  6929 | D:8      | Reached skill level 12 in Axes
  6935 | D:8      | Killed a death yak
  6942 | D:8      | Killed a death yak
  6943 | D:8      | Reached skill level 13 in Axes
  7138 | D:8      | Found Dor Esor's General Store.
  7239 | D:8      | Found Fein's Book Shoppe.
  7342 | D:8      | Found Dinou's General Store.
  7484 | D:8      | Found Cygig's Book Boutique.
  7682 | D:9      | Noticed a two-headed ogre
  7687 | D:9      | Killed a two-headed ogre
  7688 | D:9      | Reached skill level 10 in Fighting
  7688 | D:9      | Reached XP level 11. HP: 99/99 MP: 10/10
  7789 | D:9      | Noticed Thecursedkatanna's ghost (novice MiBe)
  7801 | D:9      | Found a runed translucent door.
  8097 | D:9      | Killed Thecursedkatanna's ghost
  8098 | D:9      | Reached skill level 14 in Axes
  8431 | D:10     | Entered Level 10 of the Dungeon
  8779 | D:10     | Found the +5 robe of Night {Dark Will+ SInv}
  9084 | D:10     | Found a white marble altar of Elyvilon.
  9085 | D:10     | Found a sparkling altar of Nemelex Xobeh.
  9139 | D:10     | Noticed an archer statue
  9564 | D:10     | Noticed a two-headed ogre
  9570 | D:10     | Killed a two-headed ogre
  9771 | D:10     | Noticed an archer statue
  9875 | D:11     | Reached skill level 15 in Axes
 10226 | D:11     | Noticed a boulder beetle
 10247 | D:11     | Killed a boulder beetle
 10363 | D:11     | Found Syhogria's Distillery.
 10386 | D:11     | Bought a potion of heal wounds for 70 gold pieces
 10588 | D:11     | Identified the +4 plate armour of Courage {rElec rC+ Str-3}
 10760 | D:11     | Found a staircase to the Orcish Mines.
 11218 | D:12     | Found a runed translucent gate.
 11218 | D:12     | Found a runed translucent gate.
 11218 | D:12     | Found a runed translucent gate.
 11220 | D:12     | Noticed a naga warrior
 11220 | D:12     | Noticed an orc knight
 11220 | D:12     | Noticed an orc knight
 11220 | D:12     | Noticed a centaur warrior
 11221 | D:12     | Noticed an orc knight
 11221 | D:12     | Noticed a tengu warrior
 11221 | D:12     | Noticed Edeudim Zabb's ghost (journeyman FoFi)
 11381 | D:12     | Found an iron altar of Okawaru.
 11470 | D:12     | Killed an orc knight
 11470 | D:12     | Killed an orc knight
 11470 | D:12     | Killed a naga warrior
 11471 | D:12     | Reached XP level 12. HP: 77/110 MP: 11/11
 11473 | D:12     | Killed a centaur warrior
 11489 | D:12     | HP: 4/110 [Edeudim Zabb's ghost (13)]
 11491 | D:12     | Slain by a tengu warrior

Illustrated notes

Levels and vault maps discovered:
D:1:      dpeg_arrival_water_fire, layout_basic, grunt_decor_one_mirror,
          hangedman_decor_growths, minmay_misc_feat_alley,
          chequers_serial_rivers_micro_c, minmay_gold_behind_fungi,
          minmay_distorted
D:2:      layout_basic
D:3:      layout_basic, gammafunk_ghost_abyssal_escape
D:4:      layout_rooms, uniq_ijyb
D:5:      layout_cave_pools, nicolae_ossuary_entry_catacombs
D:6:      layout_cave_pools, minmay_temple_entry_enclosed_plants, uniq_edmund
D:7:      layout_loops_cross, mainiacjoe_overflow_tiny_flanked,
          mainiacjoe_overflow_paths
D:8:      layout_cave_pools, dpeg_lair_monsters, serial_shops,
          nicolae_shop_trees, shop, shop, nicolae_shop_hallway_plus
D:9:      layout_roguey, hellmonk_ghost_happy_afterlife
D:10:     layout_loops_ring, mainiacjoe_overflow_divided_tiny, minivault_15,
          kennysheep_cluttered_room, minmay_dual_archer_statues
D:11:     layout_loops_ring, erik_orc_1, serial_shops, kennysheep_little_box
D:12:     minmay_ornate_pinched, layout_loops_ring,
          gammafunk_ghost_fury_of_okawaru

Skill      XL: |  1  2  3  4  5  6  7  8  9 10 11 12 |
---------------+-------------------------------------+-----
Fighting       | 4 5 6 7 8 10 11 | 11.4
Axes           | 4 5 6 7 8 10 11 13 15 | 15.9
Armour         | 3 4 5 8 9 |  9.0
Dodging        | 3 4 6 7 8 |  8.1
Stealth        | 1 3 4 5 |  5.7
Evocations     | |  0.2

Action                     |  1- 3 |  4- 6 |  7- 9 | 10-12 || total
---------------------------+-------+-------+-------+-------++-------
  Melee: Hand axe          |    87 |    51 |   321 |       ||   459
         Headbutt          |    11 |    13 |    62 |    53 ||   139
         Punch             |     1 |       |     3 |       ||     4
         Battleaxe         |       |       |     7 |   225 ||   232
 Invoke: Berserk           |       |     3 |     1 |     7 ||    11
         Trog's Hand       |       |       |     3 |     4 ||     7
         Brothers in Arms  |       |       |     1 |       ||     1
  Evoke: Wand              |       |       |       |     2 ||     2
    Use: Scroll            |       |       |    13 |     5 ||    18
         Potion            |       |       |       |     4 ||     4
   Stab: Sleeping          |       |     1 |    13 |     1 ||    15
 Armour: Leather armour    |     9 |       |       |       ||     9
         Animal skin       |     1 |       |       |       ||     1
         Ring mail         |    26 |    14 |       |       ||    40
         Steam dragon scal |       |     2 |    71 |    12 ||    85
         Chain mail        |       |       |       |    74 ||    74
         Plate armour      |       |       |       |    30 ||    30
  Dodge: Dodged            |    50 |    27 |   158 |   151 ||   386

Table legend: (Time is in decaauts)
 A = Elapsed time spent in this place.
 B = Non-inter-level travel time spent in this place.
 C = Inter-level travel time spent in this place.
 D = Time resting spent in this place.
 E = Time spent auto-exploring this place.
 F = Levels seen in this place.
 G = Mean time per level.
                   A        B        C        D        E       F      G
               +--------+--------+--------+--------+--------+-----+--------+
         Total |  11550 |  10922 |    628 |      0 |   7896 |  13 |  888.5 |
       Dungeon |  11001 |  10373 |    628 |      0 |   7593 |  12 |  916.8 |
       Ossuary |    548 |    548 |      0 |      0 |    303 |   1 |  548.0 |
               +--------+--------+--------+--------+--------+-----+--------+

Top non-repeatable levels by time:
    D:10: 1433 daAuts
     D:7: 1348 daAuts
     D:5: 1197 daAuts
    D:11: 1056 daAuts
     D:1: 990 daAuts
     D:6: 896 daAuts
     D:9: 859 daAuts
     D:2: 793 daAuts
     D:8: 791 daAuts
     D:4: 617 daAuts
    D:12: 602 daAuts
 Ossuary: 548 daAuts
     D:3: 414 daAuts
